 Dungeon Crawl Stone Soup version 0.20-a0-1015-g2ec8a95 (webtiles) character file.

42 Gorice the Sneak (level 3, 0/21 HPs)
             Began as a Kobold Enchanter on Apr 15, 2017.
             Slain by an orc
             ... wielding a +0 hand axe
              (3 damage)
             ... on level 2 of the Dungeon.
             The game lasted 00:06:06 (2271 turns).

Gorice the Sneak (Kobold Enchanter)                 Turns: 2271, Time: 00:06:07

Health: 0/21       AC:  5    Str:  6    XL:     3   Next: 77%
Magic:  6/6        EV: 12    Int: 16    God:
Gold:   25         SH:  0    Dex: 15    Spells: 3/6 levels left

rFire    . . .     SeeInvis .   a - +2 dagger
rCold    . . .     Gourm    .   (shield restricted)
rNeg     . . .     Faith    .   o - +0 ring mail
rPois    .         Spirit   .   (no helmet)
rElec    .         Reflect  .   (no cloak)
rCorr    .         Harm     .   (no gloves)
MR       .....                  (no boots)
Stlth    ++........             (no amulet)
Regen    0.1/turn               (no ring)
MPRegen  0.1/turn               (no ring)

@: no status effects
A: carnivore 3
a: no special abilities


You were on level 2 of the Dungeon.
You were completely stuffed.

You visited 1 branch of the dungeon, and saw 2 of its levels.

You collected 25 gold pieces.

Inventory:

Hand Weapons
 a - a +2 dagger (weapon)
 e - a +0 flail
 h - a cursed -3 whip
 p - a +0 whip
Missiles
 f - 44 bolts
 Z - 5 stones (quivered)
Armour
 b - a +0 robe
 m - a +0 scale mail
 o - a +0 ring mail (worn)
Potions
 g - a potion of lignification {unknown}
 i - a potion of mutation {unknown}
 j - a potion of flight {unknown}
 k - a potion of agility {unknown}
 n - a potion of curing {unknown}
 q - a potion of resistance {unknown}
 r - a potion of ambrosia {unknown}
 s - a potion of haste {unknown}
Books
 c - a book of Maledictions
Comestibles
 d - 3 meat rations {!e}
 l - 3 chunks of flesh


   Skills:
 + Level 1.8 Fighting
 * Level 3.3 Short Blades
 + Level 0.4 Armour
 - Level 2.4 Dodging
 - Level 4.0 Stealth
 - Level 2.1 Spellcasting
 - Level 3.0 Hexes


You had 3 spell levels left.
You knew the following spells:

 Your Spells              Type           Power        Failure   Level  Hunger
a - Corona                Hex            ##.....      24%         1    #......
b - Ensorcelled Hibernat  Hex/Ice        #.....       69%         2    ###....


Dungeon Overview and Level Annotations

Branches:
Dungeon (2/15)

Altars:
Dithmenos


Innate Abilities, Weirdness & Mutations

You are small and have problems with some larger weapons.
You are carnivorous and can eat meat at any time.


Message History

The orc is severely wounded.
You closely miss the orc.
The orc is severely wounded.
The orc misses you.
You hit the orc.
You kill the orc!
The orc barely misses you. The orc barely misses you.
Things that are here:
a hand axe; a leather armour You hit the orc.
You kill the orc!
You completely miss the orc. You hit the orc but do no damage.
The orc hits you with a hand axe.
Damage: 4 (max 4)
You hit the orc but do no damage. The orc closely misses you.
You hit the orc but do no damage. The orc hits you with a hand axe.
Damage: 1 (max 4)
You hit the orc.
The orc is heavily wounded.
You hit the orc but do no damage.
The orc is heavily wounded.
The orc closely misses you.
You hit the orc.
The orc is severely wounded.
The orc hits you with a hand axe.
Damage: 4 (max 4)
Your ring mail prevents you from hitting the orc.
The orc is severely wounded.
The orc hits you with a hand axe.
* * * LOW HITPOINT WARNING * * *
Damage: 4 (max 4)
You hit the orc but do no damage.
The orc is severely wounded.
You hit the orc but do no damage.
The orc is severely wounded.
The orc hits you with a hand axe.
* * * LOW HITPOINT WARNING * * *
Damage: 6 (max 6) Unknown command.
Casting: Corona
Confirm with . or Enter, or press ? or * to list all spells.
Aiming: Corona
Press: ? - help, Shift-Dir - straight line, f - orc
Aim: an orc, wielding a hand axe and wearing a ring mail (severely wounded, chance to defeat MR: 64%)
The orc barely resists.
The orc misses you.
There is a large open door here.
There is an open door here.
The orc hits you with a hand axe.
You die...

#### ##..## ###....##
###.......#
#########....##.#.##
######.o.......##.##.#...
.....#.#@.....###.##.#...
#.#.#.....###.##.#..#
#.#.##...............
#.#.###..............
##.## ##............. #'#
##............ ##.##
##._......... ##
#)#.######..)........
##..###.###..##....<......


You could see an orc.

Vanquished Creatures
  A dart slug (D:1)
  A leopard gecko (D:1)
  3 orcs (D:2)
  A giant cockroach (D:1)
  2 goblins (D:1)
  7 hobgoblins
  4 jackals (D:1)
  A quokka (D:1)
  4 bats (D:1)
  3 frilled lizards (D:1)
  2 kobolds (D:1)
  3 rats
32 creatures vanquished.

Notes
Turn   | Place    | Note
-------+----------+-------------------------------------------
     0 | D:1      | Gorice the Kobold Enchanter began the quest for the Orb.
     0 | D:1      | Reached XP level 1. HP: 10/10 MP: 3/3
   302 | D:1      | Reached skill level 2 in Short Blades
   440 | D:1      | Reached XP level 2. HP: 16/16 MP: 5/5
   447 | D:1      | Learned a level 2 spell: Ensorcelled Hibernation
   645 | D:1      | HP: 4/16 [hobgoblin/club (2)]
   653 | D:1      | Reached skill level 1 in Fighting
  1232 | D:1      | Reached skill level 3 in Short Blades
  1419 | D:1      | Reached XP level 3. HP: 13/20 MP: 4/6
  2055 | D:2      | Found a shadowy altar of Dithmenos.
  2254 | D:2      | HP: 2/21 [orc/hand axe (6)]
  2271 | D:2      | Slain by an orc

Vault maps used:
D:1:      ncdulo_wetmaze
D:2:      overflow_temple_1_default, hex_large, kennysheep_pointless_box,
          wad_orctagon

Skill      XL: |  1  2 |
---------------+-------+-----
Short Blades   | 2 3 |  3.3
Fighting       | 1 |  1.8
Armour         | |  0.4
Dodging        | |  2.4
Stealth        | |  4.0
Spellcasting   | |  2.1
Hexes          | |  3.0

Action                   || total
-------------------------++-------
Melee: Dagger            ||   146
 Cast: Corona            ||    19
  Use: Scroll            ||     3
 Stab: Sleeping          ||     4
  Eat: Chunk             ||    13
Armor: Robe              ||     8
       Ring mail         ||    27
Dodge: Dodged            ||    92

Table legend:
 A = Turns spent in this place as a percentage of turns spent in the entire game.
 B = Non-inter-level travel turns spent in this place as a percentage of non-inter-level travel turns spent in the entire game.
 C = Inter-level travel turns spent in this place as a percentage of turns spent in this place.
 D = Turns resting spent in this place as a percentage of non-inter-level travel turns spent in this place.
 E = Turns spent auto-exploring this place as a percentage of non-inter-level travel turns spent in this place.
 F = Non-inter-level travel turns spent in this place divided by the number of levels of this place that you've seen.
                   A       B       C       D       E      F
               +-------+-------+-------+-------+-------+----------------------
         Total | 100.0 | 100.0 |   0.3 |   5.0 |   3.3 | 329.5
       Dungeon | 100.0 | 100.0 |   0.3 |   5.0 |   3.3 | 329.5
               +-------+-------+-------+-------+-------+----------------------

Vault maps used:
D:1:      ncdulo_wetmaze
D:2:      overflow_temple_1_default, hex_large, kennysheep_pointless_box,
          wad_orctagon
